Workbook

Sheet Estoque
A1: Empreendimento | B1: Unidade | C1: Tipo | D1: Ação | E1: Privativa (m²) | F1: Preço/m² Tabela | G1: Valor Tabela (Total) | H1: Preço/m² c/ Desconto | I1: Valor c/ Desconto (Total) | J1: Desconto % | K1: Decor | L1: Renda | M1: Bairro | N1: Estágio | O1: Tipo Comercial (Promocional) | P1: Info Complementar | Q1: Nível de Prioridade | R1: Comissão | S1: Fluxo | T1: Chave (aux) | U1: ChaveValor (aux)
A2: ON JARDINS | B2: U-0103 | C2: NR | D2: AGOSTO | E2: 34.24 | F2: 33251.52 | G2: 1138532.1 | H2: 24606.12 | I2: 842513.72 | J2: 0.26 | K2: Não | L2: Não | M2: Jardins | N2: PRONTO | O2: STUDIO NR PNE | P2: Com Bairro/Estágio | T2: =A2&"|"&C2 -> ON JARDINS|NR | U2: =T2&"|"&TEXT(I2,"0.00") -> ON JARDINS|NR|842513.72
A3: ON JARDINS | B3: U-0104 | C3: NR | D3: AGOSTO | E3: 26.57 | F3: 33755.14 | G3: 896874.01 | H3: 24978.8 | I3: 663686.77 | J3: 0.26 | K3: Não | L3: Não | M3: Jardins | N3: PRONTO | O3: 01 DORM NR | P3: Com Bairro/Estágio | T3: =A3&"|"&C3 -> ON JARDINS|NR | U3: =T3&"|"&TEXT(I3,"0.00") -> ON JARDINS|NR|663686.77
A4: ON JARDINS | B4: U-0106 | C4: NR | D4: AGOSTO | E4: 25.16 | F4: 33755.14 | G4: 849279.27 | H4: 24978.8 | I4: 628466.66 | J4: 0.26 | K4: Não | L4: Não | M4: Jardins | N4: PRONTO | O4: STUDIO NR (GARDEN) | P4: Com Bairro/Estágio | T4: =A4&"|"&C4 -> ON JARDINS|NR | U4: =T4&"|"&TEXT(I4,"0.00") -> ON JARDINS|NR|628466.66
A5: ON JARDINS | B5: U-0107 | C5: NR | D5: AGOSTO | E5: 111.8 | F5: 23766.36 | G5: 2657079.4 | H5: 16636.45 | I5: 1859955.6 | J5: 0.3 | K5: Não | L5: Não | M5: Jardins | N5: PRONTO | O5: 02 DORM NR (GARDEN) | P5: Com Bairro/Estágio | T5: =A5&"|"&C5 -> ON JARDINS|NR | U5: =T5&"|"&TEXT(I5,"0.00") -> ON JARDINS|NR|1859955.60
A6: ON JARDINS | B6: U-0108 | C6: NR | D6: AGOSTO | E6: 25.86 | F6: 34430.24 | G6: 890366.03 | H6: 25478.38 | I6: 658870.86 | J6: 0.26 | K6: Não | L6: Não | M6: Jardins | N6: PRONTO | O6: STUDIO NR (GARDEN) | P6: Com Bairro/Estágio | T6: =A6&"|"&C6 -> ON JARDINS|NR | U6: =T6&"|"&TEXT(I6,"0.00") -> ON JARDINS|NR|658870.86
A7: ON JARDINS | B7: U-0109 | C7: NR | D7: AGOSTO | E7: 19.97 | F7: 36458.28 | G7: 728071.91 | H7: 26979.13 | I7: 538773.21 | J7: 0.26 | K7: Não | L7: Sim | P7: Sem Bairro/Estágio | T7: =A7&"|"&C7 -> ON JARDINS|NR | U7: =T7&"|"&TEXT(I7,"0.00") -> ON JARDINS|NR|538773.21
A8: ON JARDINS | B8: U-0115 | C8: NR | D8: AGOSTO | E8: 23.16 | F8: 37180.65 | G8: 861103.84 | H8: 27513.68 | I8: 637216.84 | J8: 0.26 | K8: Não | L8: Sim | P8: Sem Bairro/Estágio | T8: =A8&"|"&C8 -> ON JARDINS|NR | U8: =T8&"|"&TEXT(I8,"0.00") -> ON JARDINS|NR|637216.84
A9: ON JARDINS | B9: U-0117 | C9: NR | D9: AGOSTO | E9: 20.74 | F9: 36218.36 | G9: 751168.87 | H9: 26801.59 | I9: 555864.96 | J9: 0.26 | K9: Não | L9: Sim | P9: Sem Bairro/Estágio | T9: =A9&"|"&C9 -> ON JARDINS|NR | U9: =T9&"|"&TEXT(I9,"0.00") -> ON JARDINS|NR|555864.96
A10: ON JARDINS | B10: U-0203 | C10: NR | D10: AGOSTO | E10: 34.24 | F10: 33251.52 | G10: 1138532.1 | H10: 24606.12 | I10: 842513.72 | J10: 0.26 | K10: Não | L10: Não | M10: Jardins | N10: PRONTO | O10: STUDIO NR | P10: Com Bairro/Estágio | T10: =A10&"|"&C10 -> ON JARDINS|NR | U10: =T10&"|"&TEXT(I10,"0.00") -> ON JARDINS|NR|842513.72
A11: ON JARDINS | B11: U-0207 | C11: NR | D11: AGOSTO | E11: 82.28 | F11: 25842.37 | G11: 2126310.1 | H11: 18089.66 | I11: 1488417.1 | J11: 0.3 | K11: Não | L11: Sim | P11: Sem Bairro/Estágio | T11: =A11&"|"&C11 -> ON JARDINS|NR | U11: =T11&"|"&TEXT(I11,"0.00") -> ON JARDINS|NR|1488417.08
A12: ON JARDINS | B12: U-0217 | C12: NR | D12: AGOSTO | E12: 20.74 | F12: 36227.87 | G12: 751366.1 | H12: 26808.63 | I12: 556010.91 | J12: 0.26 | K12: Não | L12: Sim | P12: Sem Bairro/Estágio | T12: =A12&"|"&C12 -> ON JARDINS|NR | U12: =T12&"|"&TEXT(I12,"0.00") -> ON JARDINS|NR|556010.91
A13: ON JARDINS | B13: U-0303 | C13: RESIDENCIAL | D13: AGOSTO | E13: 34.24 | F13: 33924.76 | G13: 1161583.8 | H13: 25104.32 | I13: 859572.04 | J13: 0.26 | K13: Não | L13: Não | M13: Jardins | N13: PRONTO | O13: STUDIO NR PNE | P13: Com Bairro/Estágio | T13: =A13&"|"&C13 -> ON JARDINS|RESIDENCIAL | U13: =T13&"|"&TEXT(I13,"0.00") -> ON JARDINS|RESIDENCIAL|859572.04
A14: ON JARDINS | B14: U-0307 | C14: RESIDENCIAL | D14: AGOSTO | E14: 82.63 | F14: 24941.73 | G14: 2060935.1 | H14: 17459.21 | I14: 1442654.6 | J14: 0.3 | K14: Não | L14: Não | M14: Jardins | N14: PRONTO | O14: 02 DORM C/SUITE R2V - (GARDEN) | P14: Com Bairro/Estágio | T14: =A14&"|"&C14 -> ON JARDINS|RESIDENCIAL | U14: =T14&"|"&TEXT(I14,"0.00") -> ON JARDINS|RESIDENCIAL|1442654.56
A15: ON JARDINS | B15: U-0901 | C15: RESIDENCIAL | D15: AGOSTO | E15: 39.85 | F15: 33138.91 | G15: 1320585.7 | H15: 24522.8 | I15: 977233.4 | J15: 0.26 | K15: Não | L15: Não | M15: Jardins | N15: PRONTO | O15: 01 DORM R2V | P15: Com Bairro/Estágio | T15: =A15&"|"&C15 -> ON JARDINS|RESIDENCIAL | U15: =T15&"|"&TEXT(I15,"0.00") -> ON JARDINS|RESIDENCIAL|977233.40
A16: ON JARDINS | B16: U-1105 | C16: RESIDENCIAL | D16: AGOSTO | E16: 72.02 | F16: 28152.8 | G16: 2027564.9 | H16: 19706.96 | I16: 1419295.4 | J16: 0.3 | K16: Não | L16: Não | P16: Sem Bairro/Estágio | T16: =A16&"|"&C16 -> ON JARDINS|RESIDENCIAL | U16: =T16&"|"&TEXT(I16,"0.00") -> ON JARDINS|RESIDENCIAL|1419295.45
A17: ON JARDINS | B17: U-1203 | C17: RESIDENCIAL | D17: AGOSTO | E17: 66.41 | F17: 28152.8 | G17: 1869627.7 | H17: 19706.96 | I17: 1308739.4 | J17: 0.3 | K17: Não | L17: Sim | P17: Sem Bairro/Estágio | T17: =A17&"|"&C17 -> ON JARDINS|RESIDENCIAL | U17: =T17&"|"&TEXT(I17,"0.00") -> ON JARDINS|RESIDENCIAL|1308739.39
A18: VITACON BOA VISTA | B18: U-0305 | C18: NR | D18: AGOSTO EXTRA | E18: 41.69 | F18: 14002.68 | G18: 583771.91 | H18: 11062.12 | I18: 461179.81 | J18: 0.21 | K18: Não | L18: Não | M18: ALTO DA BOA VISTA | N18: nov/26 | O18: 01 DORM R2V (PODE TRANSFORMAR EM 2 DORM APÓS ENTREGA) | P18: Com Bairro/Estágio | T18: =A18&"|"&C18 -> VITACON BOA VISTA|NR | U18: =T18&"|"&TEXT(I18,"0.00") -> VITACON BOA VISTA|NR|461179.81
A19: VITACON BOA VISTA | B19: U-0405 | C19: NR | D19: AGOSTO EXTRA | E19: 41.69 | F19: 14529.1 | G19: 605718.34 | H19: 11477.99 | I19: 478517.49 | J19: 0.21 | K19: Não | L19: Não | M19: ALTO DA BOA VISTA | N19: nov/26 | O19: 01 DORM R2V (PODE TRANSFORMAR EM 2 DORM APÓS ENTREGA) | P19: Com Bairro/Estágio | T19: =A19&"|"&C19 -> VITACON BOA VISTA|NR | U19: =T19&"|"&TEXT(I19,"0.00") -> VITACON BOA VISTA|NR|478517.49
A20: VITACON BOA VISTA | B20: U-0705 | C20: RESIDENCIAL | D20: AGOSTO EXTRA | E20: 42.22 | F20: 15919.32 | G20: 672113.49 | H20: 12576.26 | I20: 530969.66 | J20: 0.21 | K20: Não | L20: Não | M20: ALTO DA BOA VISTA | N20: nov/26 | O20: 01 DORM R2V (PODE TRANSFORMAR EM 2 DORM APÓS ENTREGA) | P20: Com Bairro/Estágio | T20: =A20&"|"&C20 -> VITACON BOA VISTA|RESIDENCIAL | U20: =T20&"|"&TEXT(I20,"0.00") -> VITACON BOA VISTA|RESIDENCIAL|530969.66
A21: VITACON BOA VISTA | B21: U-0709 | C21: RESIDENCIAL | D21: AGOSTO EXTRA | E21: 24.52 | F21: 18025.87 | G21: 441994.41 | H21: 14240.44 | I21: 349175.58 | J21: 0.21 | K21: Não | L21: Não | M21: ALTO DA BOA VISTA | N21: nov/26 | O21: STUDIO R2V | P21: Com Bairro/Estágio | T21: =A21&"|"&C21 -> VITACON BOA VISTA|RESIDENCIAL | U21: =T21&"|"&TEXT(I21,"0.00") -> VITACON BOA VISTA|RESIDENCIAL|349175.58
A22: VITACON BOA VISTA | B22: U-0717 | C22: RESIDENCIAL | D22: AGOSTO EXTRA | E22: 30.92 | F22: 17921.32 | G22: 554127.12 | H22: 14157.84 | I22: 437760.42 | J22: 0.21 | K22: Não | L22: Não | M22: ALTO DA BOA VISTA | N22: nov/26 | O22: STUDIO R2V | P22: Com Bairro/Estágio | T22: =A22&"|"&C22 -> VITACON BOA VISTA|RESIDENCIAL | U22: =T22&"|"&TEXT(I22,"0.00") -> VITACON BOA VISTA|RESIDENCIAL|437760.42
A23: VITACON BOA VISTA | B23: U-0812 | C23: RESIDENCIAL | D23: AGOSTO EXTRA | E23: 42.1 | F23: 17054.25 | G23: 717984.01 | H23: 13472.86 | I23: 567207.37 | J23: 0.21 | K23: Não | L23: Não | M23: ALTO DA BOA VISTA | N23: nov/26 | O23: 01 DORM R2V (PODE TRANSFORMAR EM 2 DORM APÓS ENTREGA) | P23: Com Bairro/Estágio | T23: =A23&"|"&C23 -> VITACON BOA VISTA|RESIDENCIAL | U23: =T23&"|"&TEXT(I23,"0.00") -> VITACON BOA VISTA|RESIDENCIAL|567207.37
A24: VITACON BOA VISTA | B24: U-0817 | C24: RESIDENCIAL | D24: AGOSTO EXTRA | E24: 30.92 | F24: 17921.3 | G24: 554126.68 | H24: 14157.83 | I24: 437760.08 | J24: 0.21 | K24: Não | L24: Não | M24: ALTO DA BOA VISTA | N24: nov/26 | O24: STUDIO R2V | P24: Com Bairro/Estágio | T24: =A24&"|"&C24 -> VITACON BOA VISTA|RESIDENCIAL | U24: =T24&"|"&TEXT(I24,"0.00") -> VITACON BOA VISTA|RESIDENCIAL|437760.08
A25: VITACON BOA VISTA | B25: U-0902 | C25: RESIDENCIAL | D25: AGOSTO EXTRA | E25: 24.52 | F25: 18068.1 | G25: 443029.69 | H25: 14273.8 | I25: 349993.46 | J25: 0.21 | K25: Não | L25: Não | M25: ALTO DA BOA VISTA | N25: nov/26 | O25: STUDIO R2V | P25: Com Bairro/Estágio | T25: =A25&"|"&C25 -> VITACON BOA VISTA|RESIDENCIAL | U25: =T25&"|"&TEXT(I25,"0.00") -> VITACON BOA VISTA|RESIDENCIAL|349993.46
A26: VITACON BOA VISTA | B26: U-1002 | C26: RESIDENCIAL | D26: AGOSTO EXTRA | E26: 24.52 | F26: 18068.1 | G26: 443029.81 | H26: 14273.8 | I26: 349993.55 | J26: 0.21 | K26: Não | L26: Não | M26: ALTO DA BOA VISTA | N26: nov/26 | O26: STUDIO R2V | P26: Com Bairro/Estágio | T26: =A26&"|"&C26 -> VITACON BOA VISTA|RESIDENCIAL | U26: =T26&"|"&TEXT(I26,"0.00") -> VITACON BOA VISTA|RESIDENCIAL|349993.55
A27: VITACON BOA VISTA | B27: U-1013 | C27: RESIDENCIAL | D27: AGOSTO EXTRA | E27: 32.9 | F27: 17291.18 | G27: 568879.67 | H27: 13660.03 | I27: 449414.94 | J27: 0.21 | K27: Não | L27: Não | M27: ALTO DA BOA VISTA | N27: nov/26 | O27: STUDIO R2V | P27: Com Bairro/Estágio | T27: =A27&"|"&C27 -> VITACON BOA VISTA|RESIDENCIAL | U27: =T27&"|"&TEXT(I27,"0.00") -> VITACON BOA VISTA|RESIDENCIAL|449414.94
A28: VITACON BOA VISTA | B28: U-1014 | C28: RESIDENCIAL | D28: AGOSTO EXTRA | E28: 24.52 | F28: 18068.1 | G28: 443029.69 | H28: 14273.8 | I28: 349993.46 | J28: 0.21 | K28: Não | L28: Não | M28: ALTO DA BOA VISTA | N28: nov/26 | O28: STUDIO R2V | P28: Com Bairro/Estágio | T28: =A28&"|"&C28 -> VITACON BOA VISTA|RESIDENCIAL | U28: =T28&"|"&TEXT(I28,"0.00") -> VITACON BOA VISTA|RESIDENCIAL|349993.46
A29: VITACON BOA VISTA | B29: U-1016 | C29: RESIDENCIAL | D29: AGOSTO EXTRA | E29: 20.83 | F29: 20874.4 | G29: 434813.78 | H29: 16490.78 | I29: 343502.89 | J29: 0.21 | K29: Não | L29: Não | M29: ALTO DA BOA VISTA | N29: nov/26 | O29: STUDIO R2V | P29: Com Bairro/Estágio | T29: =A29&"|"&C29 -> VITACON BOA VISTA|RESIDENCIAL | U29: =T29&"|"&TEXT(I29,"0.00") -> VITACON BOA VISTA|RESIDENCIAL|343502.89
... A43: VITACON BOA VISTA | B43: U-1804 | C43: RESIDENCIAL | D43: AGOSTO EXTRA | E43: 34.14 | F43: 17928.92 | G43: 612093.39 | H43: 14163.85 | I43: 483553.78 | J43: 0.21 | K43: Não | L43: Não | M43: ALTO DA BOA VISTA | N43: nov/26 | O43: STUDIO R2V (PD ALTURA 3,75M) | P43: Com Bairro/Estágio | T43: =A43&"|"&C43 -> VITACON BOA VISTA|RESIDENCIAL | U43: =T43&"|"&TEXT(I43,"0.00") -> VITACON BOA VISTA|RESIDENCIAL|483553.78
A44: VITACON BRIGADEIRO | B44: B-1108 | C44: RESIDENCIAL | D44: AGOSTO | E44: 44.66 | F44: 12133.15 | G44: 541866.56 | H44: 10919.84 | I44: 487679.9 | J44: 0.1 | K44: Não | L44: Não | P44: Sem Bairro/Estágio | T44: =A44&"|"&C44 -> VITACON BRIGADEIRO|RESIDENCIAL | U44: =T44&"|"&TEXT(I44,"0.00") -> VITACON BRIGADEIRO|RESIDENCIAL|487679.90
A45: VITACON BRIGADEIRO | B45: C-0408 | C45: RESIDENCIAL | D45: AGOSTO | E45: 31.62 | F45: 17286.01 | G45: 546583.77 | H45: 15557.41 | I45: 491925.39 | J45: 0.1 | K45: Não | L45: Não | P45: Sem Bairro/Estágio | T45: =A45&"|"&C45 -> VITACON BRIGADEIRO|RESIDENCIAL | U45: =T45&"|"&TEXT(I45,"0.00") -> VITACON BRIGADEIRO|RESIDENCIAL|491925.39
A46: VITACON BRIGADEIRO | B46: C-0509 | C46: RESIDENCIAL | D46: AGOSTO | E46: 31.88 | F46: 16662.86 | G46: 531212.12 | H46: 14996.58 | I46: 478090.91 | J46: 0.1 | K46: Não | L46: Não | P46: Sem Bairro/Estágio | T46: =A46&"|"&C46 -> VITACON BRIGADEIRO|RESIDENCIAL | U46: =T46&"|"&TEXT(I46,"0.00") -> VITACON BRIGADEIRO|RESIDENCIAL|478090.91
A47: VITACON BRIGADEIRO | B47: C-0510 | C47: RESIDENCIAL | D47: AGOSTO | E47: 30.29 | F47: 17057.9 | G47: 516683.72 | H47: 15352.11 | I47: 465015.35 | J47: 0.1 | K47: Não | L47: Não | P47: Sem Bairro/Estágio | T47: =A47&"|"&C47 -> VITACON BRIGADEIRO|RESIDENCIAL | U47: =T47&"|"&TEXT(I47,"0.00") -> VITACON BRIGADEIRO|RESIDENCIAL|465015.35
A48: VITACON BRIGADEIRO | B48: C-0813 | C48: RESIDENCIAL | D48: AGOSTO | E48: 42.37 | F48: 16378.49 | G48: 693956.77 | H48: 14740.64 | I48: 624561.09 | J48: 0.1 | K48: Não | L48: Não | M48: Bela Vista | N48: nov/27 | O48: 01 DORM - R2V | P48: Com Bairro/Estágio | T48: =A48&"|"&C48 -> VITACON BRIGADEIRO|RESIDENCIAL | U48: =T48&"|"&TEXT(I48,"0.00") -> VITACON BRIGADEIRO|RESIDENCIAL|624561.09
A49: VITACON BRIGADEIRO | B49: C-0913 | C49: RESIDENCIAL | D49: AGOSTO | E49: 42.37 | F49: 16378.49 | G49: 693956.77 | H49: 14740.64 | I49: 624561.09 | J49: 0.1 | K49: Não | L49: Não | M49: Bela Vista | N49: nov/27 | O49: 01 DORM - R2V | P49: Com Bairro/Estágio | T49: =A49&"|"&C49 -> VITACON BRIGADEIRO|RESIDENCIAL | U49: =T49&"|"&TEXT(I49,"0.00") -> VITACON BRIGADEIRO|RESIDENCIAL|624561.09
A50: VITACON BRIGADEIRO | B50: C-1013 | C50: RESIDENCIAL | D50: AGOSTO | E50: 42.37 | F50: 16547.34 | G50: 701110.95 | H50: 14892.61 | I50: 630999.86 | J50: 0.1 | K50: Não | L50: Não | M50: Bela Vista | N50: nov/27 | O50: 01 DORM - R2V | P50: Com Bairro/Estágio | T50: =A50&"|"&C50 -> VITACON BRIGADEIRO|RESIDENCIAL | U50: =T50&"|"&TEXT(I50,"0.00") -> VITACON BRIGADEIRO|RESIDENCIAL|630999.86
A51: VITACON BRIGADEIRO | B51: C-1114 | C51: RESIDENCIAL | D51: AGOSTO | E51: 30.31 | F51: 17596.57 | G51: 533351.98 | H51: 15836.91 | I51: 480016.78 | J51: 0.1 | K51: Não | L51: Não | P51: Sem Bairro/Estágio | T51: =A51&"|"&C51 -> VITACON BRIGADEIRO|RESIDENCIAL | U51: =T51&"|"&TEXT(I51,"0.00") -> VITACON BRIGADEIRO|RESIDENCIAL|480016.78
A52: VITACON BRIGADEIRO | B52: C-1713 | C52: RESIDENCIAL | D52: AGOSTO | E52: 42.37 | F52: 20430.47 | G52: 865638.82 | H52: 18387.42 | I52: 779074.94 | J52: 0.1 | K52: Não | L52: Não | M52: Bela Vista | N52: nov/27 | O52: 01 DORM - R2V | P52: Com Bairro/Estágio | T52: =A52&"|"&C52 -> VITACON BRIGADEIRO|RESIDENCIAL | U52: =T52&"|"&TEXT(I52,"0.00") -> VITACON BRIGADEIRO|RESIDENCIAL|779074.94
A53: VITACON BRIGADEIRO | B53: C-1813 | C53: RESIDENCIAL | D53: AGOSTO | E53: 42.37 | F53: 20430.47 | G53: 865638.82 | H53: 18387.42 | I53: 779074.94 | J53: 0.1 | K53: Não | L53: Não | M53: Bela Vista | N53: nov/27 | O53: 01 DORM - R2V | P53: Com Bairro/Estágio | T53: =A53&"|"&C53 -> VITACON BRIGADEIRO|RESIDENCIAL | U53: =T53&"|"&TEXT(I53,"0.00") -> VITACON BRIGADEIRO|RESIDENCIAL|779074.94
A54: VITACON BRIGADEIRO | B54: C-1913 | C54: RESIDENCIAL | D54: AGOSTO | E54: 42.37 | F54: 20430.47 | G54: 865638.82 | H54: 18387.42 | I54: 779074.94 | J54: 0.1 | K54: Não | L54: Não | M54: Bela Vista | N54: nov/27 | O54: 01 DORM - R2V | P54: Com Bairro/Estágio | T54: =A54&"|"&C54 -> VITACON BRIGADEIRO|RESIDENCIAL | U54: =T54&"|"&TEXT(I54,"0.00") -> VITACON BRIGADEIRO|RESIDENCIAL|779074.94
A55: VITACON BRIGADEIRO | B55: C-2113 | C55: RESIDENCIAL | D55: AGOSTO | E55: 42.37 | F55: 20430.47 | G55: 865638.82 | H55: 18387.42 | I55: 779074.94 | J55: 0.1 | K55: Não | L55: Não | M55: Bela Vista | N55: nov/27 | O55: 01 DORM - R2V | P55: Com Bairro/Estágio | T55: =A55&"|"&C55 -> VITACON BRIGADEIRO|RESIDENCIAL | U55: =T55&"|"&TEXT(I55,"0.00") -> VITACON BRIGADEIRO|RESIDENCIAL|779074.94
A56: VITACON BRIGADEIRO | B56: C-2502 | C56: RESIDENCIAL | D56: AGOSTO | E56: 52.03 | F56: 20430.47 | G56: 1062997.1 | H56: 18387.42 | I56: 956697.44 | J56: 0.1 | K56: Não | L56: Não | M56: Bela Vista | N56: nov/27 | O56: 01 DORM - R2V (GARDEN) | P56: Com Bairro/Estágio | T56: =A56&"|"&C56 -> VITACON BRIGADEIRO|RESIDENCIAL | U56: =T56&"|"&TEXT(I56,"0.00") -> VITACON BRIGADEIRO|RESIDENCIAL|956697.44
A57: VITACON BRIGADEIRO | B57: C-2507 | C57: RESIDENCIAL | D57: AGOSTO | E57: 46.35 | F57: 20430.47 | G57: 946952.08 | H57: 18387.42 | I57: 852256.87 | J57: 0.1 | K57: Não | L57: Não | M57: Bela Vista | N57: nov/27 | O57: 01 DORM - R2V (GARDEN) | P57: Com Bairro/Estágio | T57: =A57&"|"&C57 -> VITACON BRIGADEIRO|RESIDENCIAL | U57: =T57&"|"&TEXT(I57,"0.00") -> VITACON BRIGADEIRO|RESIDENCIAL|852256.87
A58: VITACON BRIGADEIRO | B58: C-2510 | C58: RESIDENCIAL | D58: AGOSTO | E58: 46.15 | F58: 20430.47 | G58: 942865.98 | H58: 18387.42 | I58: 848579.38 | J58: 0.1 | K58: Não | L58: Não | M58: Bela Vista | N58: nov/27 | O58: 01 DORM - R2V (GARDEN) | P58: Com Bairro/Estágio | T58: =A58&"|"&C58 -> VITACON BRIGADEIRO|RESIDENCIAL | U58: =T58&"|"&TEXT(I58,"0.00") -> VITACON BRIGADEIRO|RESIDENCIAL|848579.38
A59: VITACON BRIGADEIRO | B59: C-2511 | C59: RESIDENCIAL | D59: AGOSTO | E59: 45.76 | F59: 20430.47 | G59: 934898.12 | H59: 18387.42 | I59: 841408.31 | J59: 0.1 | K59: Não | L59: Não | M59: Bela Vista | N59: nov/27 | O59: 01 DORM - R2V (GARDEN) | P59: Com Bairro/Estágio | T59: =A59&"|"&C59 -> VITACON BRIGADEIRO|RESIDENCIAL | U59: =T59&"|"&TEXT(I59,"0.00") -> VITACON BRIGADEIRO|RESIDENCIAL|841408.31
A60: VITACON BRIGADEIRO | B60: C-2513 | C60: RESIDENCIAL | D60: AGOSTO | E60: 42.5 | F60: 20430.47 | G60: 868294.8 | H60: 18387.42 | I60: 781465.32 | J60: 0.1 | K60: Não | L60: Não | M60: Bela Vista | N60: nov/27 | O60: 01 DORM - R2V (GARDEN) | P60: Com Bairro/Estágio | T60: =A60&"|"&C60 -> VITACON BRIGADEIRO|RESIDENCIAL | U60: =T60&"|"&TEXT(I60,"0.00") -> VITACON BRIGADEIRO|RESIDENCIAL|781465.32
A61: VITACON LORENA | B61: U-0201 | C61: NR | D61: AGOSTO | E61: 47.35 | F61: 33405.15 | G61: 1581733.9 | H61: 22715.5 | I61: 1075579.1 | J61: 0.32 | K61: Não | L61: Não | M61: Jardins | N61: nov/26 | O61: 02 DORM NR C/SUITE | P61: Com Bairro/Estágio | T61: =A61&"|"&C61 -> VITACON LORENA|NR | U61: =T61&"|"&TEXT(I61,"0.00") -> VITACON LORENA|NR|1075579.05
A62: VITACON LORENA | B62: U-0202 | C62: NR | D62: AGOSTO | E62: 26.93 | F62: 31250.34 | G62: 841571.71 | H62: 22500.25 | I62: 605931.63 | J62: 0.28 | K62: Não | L62: Não | M62: Jardins | N62: nov/26 | O62: STUDIO NR PNE (GARDEN) | P62: Com Bairro/Estágio | T62: =A62&"|"&C62 -> VITACON LORENA|NR | U62: =T62&"|"&TEXT(I62,"0.00") -> VITACON LORENA|NR|605931.63
A63: VITACON LORENA | B63: U-0204 | C63: NR | D63: AGOSTO | E63: 22.9 | F63: 31268.28 | G63: 716043.61 | H63: 22513.16 | I63: 515551.4 | J63: 0.28 | K63: Não | L63: Não | M63: Jardins | N63: nov/26 | O63: STUDIO NR PNE (GARDEN) | P63: Com Bairro/Estágio | T63: =A63&"|"&C63 -> VITACON LORENA|NR | U63: =T63&"|"&TEXT(I63,"0.00") -> VITACON LORENA|NR|515551.40
... A176: VITACON DOMINGOS DE MORAIS | B176: U1331 | C176: R2V | D176: AGOSTO | E176: 30.32 | F176: 17421.43 | G176: 528217.61 | H176: 15679.28 | I176: 475395.85 | J176: 0.1 | K176: Não | L176: Não | M176: Vila Mariana | N176: nov/28 | O176: STUDIO R2V | P176: Com Bairro/Estágio | T176: =A176&"|"&C176 -> VITACON DOMINGOS DE MORAIS|R2V | U176: =T176&"|"&TEXT(I176,"0.00") -> VITACON DOMINGOS DE MORAIS|R2V|475395.85
A177: VITACON DOMINGOS DE MORAIS | B177: U1338 | C177: R2V | D177: AGOSTO | E177: 18.36 | F177: 22335.74 | G177: 410084.25 | H177: 21218.96 | I177: 389580.04 | J177: 0.05 | K177: Não | L177: Não | P177: Sem Bairro/Estágio | T177: =A177&"|"&C177 -> VITACON DOMINGOS DE MORAIS|R2V | U177: =T177&"|"&TEXT(I177,"0.00") -> VITACON DOMINGOS DE MORAIS|R2V|389580.04
A178: VITACON DOMINGOS DE MORAIS | B178: U1339 | C178: R2V | D178: AGOSTO | E178: 18.06 | F178: 22684.71 | G178: 409685.8 | H178: 21550.47 | I178: 389201.51 | J178: 0.05 | K178: Não | L178: Não | M178: Vila Mariana | N178: nov/28 | O178: STUDIO R2V | P178: Com Bairro/Estágio | T178: =A178&"|"&C178 -> VITACON DOMINGOS DE MORAIS|R2V | U178: =T178&"|"&TEXT(I178,"0.00") -> VITACON DOMINGOS DE MORAIS|R2V|389201.51
A179: VITACON DOMINGOS DE MORAIS | B179: U1349 | C179: R2V | D179: AGOSTO | E179: 18.06 | F179: 22952.96 | G179: 414530.44 | H179: 21805.31 | I179: 393803.92 | J179: 0.05 | K179: Não | L179: Não | M179: Vila Mariana | N179: nov/28 | O179: STUDIO R2V | P179: Com Bairro/Estágio | T179: =A179&"|"&C179 -> VITACON DOMINGOS DE MORAIS|R2V | U179: =T179&"|"&TEXT(I179,"0.00") -> VITACON DOMINGOS DE MORAIS|R2V|393803.92
A180: VITACON DOMINGOS DE MORAIS | B180: U1551 | C180: R2V | D180: AGOSTO | E180: 18.06 | F180: 22773.32 | G180: 411286.13 | H180: 21634.65 | I180: 390721.82 | J180: 0.05 | K180: Não | L180: Não | M180: Vila Mariana | N180: nov/28 | O180: STUDIO R2V | P180: Com Bairro/Estágio | T180: =A180&"|"&C180 -> VITACON DOMINGOS DE MORAIS|R2V | U180: =T180&"|"&TEXT(I180,"0.00") -> VITACON DOMINGOS DE MORAIS|R2V|390721.82
A181: VITACON DOMINGOS DE MORAIS | B181: U1604 | C181: R2V | D181: AGOSTO | E181: 18.19 | F181: 22660.65 | G181: 412197.25 | H181: 21527.62 | I181: 391587.39 | J181: 0.05 | K181: Não | L181: Não | M181: Vila Mariana | N181: nov/28 | O181: STUDIO R2V | P181: Com Bairro/Estágio | T181: =A181&"|"&C181 -> VITACON DOMINGOS DE MORAIS|R2V | U181: =T181&"|"&TEXT(I181,"0.00") -> VITACON DOMINGOS DE MORAIS|R2V|391587.39
A182: VITACON DOMINGOS DE MORAIS | B182: U1651 | C182: R2V | D182: AGOSTO | E182: 18.06 | F182: 22817.62 | G182: 412086.29 | H182: 21676.74 | I182: 391481.98 | J182: 0.05 | K182: Não | L182: Não | M182: Vila Mariana | N182: nov/28 | O182: STUDIO R2V | P182: Com Bairro/Estágio | T182: =A182&"|"&C182 -> VITACON DOMINGOS DE MORAIS|R2V | U182: =T182&"|"&TEXT(I182,"0.00") -> VITACON DOMINGOS DE MORAIS|R2V|391481.98
A183: VITACON MOURATO COELHO | B183: U-0302 | C183: NR | D183: AGOSTO | E183: 49.2 | F183: 18376.31 | G183: 904114.49 | H183: 14701.05 | I183: 723291.59 | J183: 0.2 | K183: Não | L183: Não | M183: Pinheiros | N183: mar/28 | O183: STUDIO NR PNE (GARDEN) | P183: Com Bairro/Estágio | T183: =A183&"|"&C183 -> VITACON MOURATO COELHO|NR | U183: =T183&"|"&TEXT(I183,"0.00") -> VITACON MOURATO COELHO|NR|723291.59
A184: VITACON MOURATO COELHO | B184: U-0303 | C184: NR | D184: AGOSTO | E184: 40.38 | F184: 19117.76 | G184: 771975.11 | H184: 15294.21 | I184: 617580.09 | J184: 0.2 | K184: Não | L184: Não | M184: Pinheiros | N184: mar/28 | O184: STUDIO NR PNE (GARDEN) | P184: Com Bairro/Estágio | T184: =A184&"|"&C184 -> VITACON MOURATO COELHO|NR | U184: =T184&"|"&TEXT(I184,"0.00") -> VITACON MOURATO COELHO|NR|617580.09
A185: VITACON MOURATO COELHO | B185: U-0304 | C185: NR | D185: AGOSTO | E185: 44.2 | F185: 21478.81 | G185: 949363.19 | H185: 17183.04 | I185: 759490.55 | J185: 0.2 | K185: Não | L185: Não | M185: Pinheiros | N185: mar/28 | O185: STUDIO NR PNE | P185: Com Bairro/Estágio | T185: =A185&"|"&C185 -> VITACON MOURATO COELHO|NR | U185: =T185&"|"&TEXT(I185,"0.00") -> VITACON MOURATO COELHO|NR|759490.55
A186: VITACON MOURATO COELHO | B186: U-0305 | C186: NR | D186: AGOSTO | E186: 17.81 | F186: 27907.17 | G186: 497026.63 | H186: 25116.45 | I186: 447323.97 | J186: 0.1 | K186: Não | L186: Não | M186: Pinheiros | N186: mar/28 | O186: STUDIO NR | P186: Com Bairro/Estágio | T186: =A186&"|"&C186 -> VITACON MOURATO COELHO|NR | U186: =T186&"|"&TEXT(I186,"0.00") -> VITACON MOURATO COELHO|NR|447323.97
A187: VITACON MOURATO COELHO | B187: U-0308 | C187: NR | D187: AGOSTO | E187: 17.37 | F187: 28612.77 | G187: 497003.87 | H187: 25751.5 | I187: 447303.48 | J187: 0.1 | K187: Não | L187: Não | M187: Pinheiros | N187: mar/28 | O187: STUDIO NR PNE | P187: Com Bairro/Estágio | T187: =A187&"|"&C187 -> VITACON MOURATO COELHO|NR | U187: =T187&"|"&TEXT(I187,"0.00") -> VITACON MOURATO COELHO|NR|447303.48
A188: VITACON MOURATO COELHO | B188: U-0309 | C188: NR | D188: AGOSTO | E188: 17.37 | F188: 28612.77 | G188: 497003.87 | H188: 25751.5 | I188: 447303.48 | J188: 0.1 | K188: Não | L188: Não | M188: Pinheiros | N188: mar/28 | O188: STUDIO NR PNE | P188: Com Bairro/Estágio | T188: =A188&"|"&C188 -> VITACON MOURATO COELHO|NR | U188: =T188&"|"&TEXT(I188,"0.00") -> VITACON MOURATO COELHO|NR|447303.48
A189: VITACON MOURATO COELHO | B189: U-0313 | C189: NR | D189: AGOSTO | E189: 32.77 | F189: 19416.43 | G189: 636276.45 | H189: 15533.14 | I189: 509021.16 | J189: 0.2 | K189: Não | L189: Não | M189: Pinheiros | N189: mar/28 | O189: STUDIO NR (GARDEN) | P189: Com Bairro/Estágio | T189: =A189&"|"&C189 -> VITACON MOURATO COELHO|NR | U189: =T189&"|"&TEXT(I189,"0.00") -> VITACON MOURATO COELHO|NR|509021.16
... A212: VITACON PERDIZES | B212: U0209 | C212: R2V | D212: AGOSTO | E212: 59.54 | F212: 14891.61 | G212: 886646.71 | H212: 12657.87 | I212: 753649.7 | J212: 0.15 | K212: Não | L212: Não | M212: Perdizes | N212: out/28 | O212: STUDIO R2V (GARDEN) | P212: Com Bairro/Estágio | T212: =A212&"|"&C212 -> VITACON PERDIZES|R2V | U212: =T212&"|"&TEXT(I212,"0.00") -> VITACON PERDIZES|R2V|753649.70
A213: VITACON PERDIZES | B213: U1220 | C213: R2V | D213: AGOSTO | E213: 25.06 | F213: 23250.8 | G213: 582665.02 | H213: 19763.18 | I213: 495265.27 | J213: 0.15 | K213: Não | L213: Não | P213: Sem Bairro/Estágio | T213: =A213&"|"&C213 -> VITACON PERDIZES|R2V | U213: =T213&"|"&TEXT(I213,"0.00") -> VITACON PERDIZES|R2V|495265.27
A214: VITACON PERDIZES | B214: U1302 | C214: R2V | D214: AGOSTO | E214: 57.1 | F214: 14438.45 | G214: 824435.72 | H214: 12272.69 | I214: 700770.36 | J214: 0.15 | K214: Não | L214: Não | M214: Perdizes | N214: out/28 | O214: STUDIO R2V (GARDEN) | P214: Com Bairro/Estágio | T214: =A214&"|"&C214 -> VITACON PERDIZES|R2V | U214: =T214&"|"&TEXT(I214,"0.00") -> VITACON PERDIZES|R2V|700770.36
A215: VITACON PERDIZES | B215: U1309 | C215: R2V | D215: AGOSTO | E215: 56.29 | F215: 13082.92 | G215: 736437.69 | H215: 11120.48 | I215: 625972.04 | J215: 0.15 | K215: Não | L215: Não | M215: Perdizes | N215: out/28 | O215: STUDIO R2V (GARDEN) | P215: Com Bairro/Estágio | T215: =A215&"|"&C215 -> VITACON PERDIZES|R2V | U215: =T215&"|"&TEXT(I215,"0.00") -> VITACON PERDIZES|R2V|625972.04
A216: VITACON PERDIZES | B216: U1314 | C216: R2V | D216: AGOSTO | E216: 55.84 | F216: 15534.54 | G216: 867448.73 | H216: 13204.36 | I216: 737331.42 | J216: 0.15 | K216: Não | L216: Não | M216: Perdizes | N216: out/28 | O216: STUDIO R2V (GARDEN) | P216: Com Bairro/Estágio | T216: =A216&"|"&C216 -> VITACON PERDIZES|R2V | U216: =T216&"|"&TEXT(I216,"0.00") -> VITACON PERDIZES|R2V|737331.42
A217: H BELA CINTRA | B217: U0404 | C217: NÃO RESIDENCIAL | D217: AGOSTO | E217: 28.1 | F217: 36285.92 | G217: 1019634.4 | H217: 27214.44 | I217: 764725.79 | J217: 0.25 | K217: Não | L217: Não | M217: Jardins | N217: jul/28 | O217: STUDIO NR | P217: Com Bairro/Estágio | T217: =A217&"|"&C217 -> H BELA CINTRA|NÃO RESIDENCIAL | U217: =T217&"|"&TEXT(I217,"0.00") -> H BELA CINTRA|NÃO RESIDENCIAL|764725.79
A218: H BELA CINTRA | B218: U0405 | C218: NÃO RESIDENCIAL | D218: AGOSTO | E218: 28.1 | F218: 36285.92 | G218: 1019634.4 | H218: 27214.44 | I218: 764725.79 | J218: 0.25 | K218: Não | L218: Não | M218: Jardins | N218: jul/28 | O218: STUDIO NR | P218: Com Bairro/Estágio | T218: =A218&"|"&C218 -> H BELA CINTRA|NÃO RESIDENCIAL | U218: =T218&"|"&TEXT(I218,"0.00") -> H BELA CINTRA|NÃO RESIDENCIAL|764725.79
A219: H BELA CINTRA | B219: U0406 | C219: NÃO RESIDENCIAL | D219: AGOSTO | E219: 28.56 | F219: 36117.03 | G219: 1031502.3 | H219: 27087.77 | I219: 773626.71 | J219: 0.25 | K219: Não | L219: Não | M219: Jardins | N219: jul/28 | O219: STUDIO NR | P219: Com Bairro/Estágio | T219: =A219&"|"&C219 -> H BELA CINTRA|NÃO RESIDENCIAL | U219: =T219&"|"&TEXT(I219,"0.00") -> H BELA CINTRA|NÃO RESIDENCIAL|773626.71
A220: H BELA CINTRA | B220: U0701 | C220: RESIDENCIAL DUPLEX | D220: AGOSTO | E220: 52.58 | F220: 32587.2 | G220: 1713435.2 | H220: 24440.4 | I220: 1285076.4 | J220: 0.25 | K220: Não | L220: Não | M220: Jardins | N220: jul/28 | O220: LOFT DUPLEX R2V | P220: Com Bairro/Estágio | T220: =A220&"|"&C220 -> H BELA CINTRA|RESIDENCIAL DUPLEX | U220: =T220&"|"&TEXT(I220,"0.00") -> H BELA CINTRA|RESIDENCIAL DUPLEX|1285076.41
A221: H BELA CINTRA | B221: U1002 | C221: RESIDENCIAL DUPLEX | D221: AGOSTO | E221: 56.06 | F221: 33324.29 | G221: 1868159.5 | H221: 24993.21 | I221: 1401119.6 | J221: 0.25 | K221: Não | L221: Não | M221: Jardins | N221: jul/28 | O221: LOFT DUPLEX R2V | P221: Com Bairro/Estágio | T221: =A221&"|"&C221 -> H BELA CINTRA|RESIDENCIAL DUPLEX | U221: =T221&"|"&TEXT(I221,"0.00") -> H BELA CINTRA|RESIDENCIAL DUPLEX|1401119.61
A222: H BELA CINTRA | B222: U1003 | C222: RESIDENCIAL | D222: AGOSTO | E222: 28.56 | F222: 39755.29 | G222: 1135411.1 | H222: 29816.47 | I222: 851558.29 | J222: 0.25 | K222: Não | L222: Não | M222: Jardins | N222: jul/28 | O222: STUDIO R2V | P222: Com Bairro/Estágio | T222: =A222&"|"&C222 -> H BELA CINTRA|RESIDENCIAL | U222: =T222&"|"&TEXT(I222,"0.00") -> H BELA CINTRA|RESIDENCIAL|851558.29
A223: H BELA CINTRA | B223: U1004 | C223: RESIDENCIAL | D223: AGOSTO | E223: 28.56 | F223: 39755.29 | G223: 1135411.1 | H223: 29816.47 | I223: 851558.29 | J223: 0.25 | K223: Não | L223: Não | M223: Jardins | N223: jul/28 | O223: STUDIO R2V | P223: Com Bairro/Estágio | T223: =A223&"|"&C223 -> H BELA CINTRA|RESIDENCIAL | U223: =T223&"|"&TEXT(I223,"0.00") -> H BELA CINTRA|RESIDENCIAL|851558.29
A224: H BELA CINTRA | B224: U1005 | C224: RESIDENCIAL | D224: AGOSTO | E224: 28.56 | F224: 39755.29 | G224: 1135411.1 | H224: 29816.47 | I224: 851558.29 | J224: 0.25 | K224: Não | L224: Não | M224: Jardins | N224: jul/28 | O224: STUDIO R2V | P224: Com Bairro/Estágio | T224: =A224&"|"&C224 -> H BELA CINTRA|RESIDENCIAL | U224: =T224&"|"&TEXT(I224,"0.00") -> H BELA CINTRA|RESIDENCIAL|851558.29
A225: H BELA CINTRA | B225: U1006 | C225: RESIDENCIAL | D225: AGOSTO | E225: 28.56 | F225: 39755.29 | G225: 1135411.1 | H225: 29816.47 | I225: 851558.29 | J225: 0.25 | K225: Não | L225: Não | M225: Jardins | N225: jul/28 | O225: STUDIO R2V | P225: Com Bairro/Estágio | T225: =A225&"|"&C225 -> H BELA CINTRA|RESIDENCIAL | U225: =T225&"|"&TEXT(I225,"0.00") -> H BELA CINTRA|RESIDENCIAL|851558.29
... A235: H BELA CINTRA | B235: U1703 | C235: RESIDENCIAL DUPLEX | D235: AGOSTO | E235: 101.4 | F235: 29996.58 | G235: 3041653.5 | H235: 22497.44 | I235: 2281240.1 | J235: 0.25 | K235: Não | L235: Não | M235: Jardins | N235: jul/28 | O235: LOFT DUPLEX R2V (GARDEN) | P235: Com Bairro/Estágio | T235: =A235&"|"&C235 -> H BELA CINTRA|RESIDENCIAL DUPLEX | U235: =T235&"|"&TEXT(I235,"0.00") -> H BELA CINTRA|RESIDENCIAL DUPLEX|2281240.12
A236: VITACON BELA VISTA | B236: U-0203 | C236: NR | D236: AGOSTO EXTRA | E236: 21.85 | F236: 24480.15 | G236: 534891.31 | H236: 22032.14 | I236: 481402.18 | J236: 0.1 | K236: Não | L236: Não | P236: Sem Bairro/Estágio | T236: =A236&"|"&C236 -> VITACON BELA VISTA|NR | U236: =T236&"|"&TEXT(I236,"0.00") -> VITACON BELA VISTA|NR|481402.18
A237: VITACON BELA VISTA | B237: U-0704 | C237: RESIDENCIAL | D237: AGOSTO EXTRA | E237: 24.5 | F237: 25388.98 | G237: 622030.07 | H237: 22850.08 | I237: 559827.06 | J237: 0.1 | K237: Não | L237: Não | P237: Sem Bairro/Estágio | T237: =A237&"|"&C237 -> VITACON BELA VISTA|RESIDENCIAL | U237: =T237&"|"&TEXT(I237,"0.00") -> VITACON BELA VISTA|RESIDENCIAL|559827.06
A238: VITACON BELA VISTA | B238: U-1013 | C238: RESIDENCIAL | D238: AGOSTO EXTRA | E238: 21.85 | F238: 27740.42 | G238: 606128.21 | H238: 24966.38 | I238: 545515.39 | J238: 0.1 | K238: Não | L238: Não | P238: Sem Bairro/Estágio | T238: =A238&"|"&C238 -> VITACON BELA VISTA|RESIDENCIAL | U238: =T238&"|"&TEXT(I238,"0.00") -> VITACON BELA VISTA|RESIDENCIAL|545515.39
A239: VITACON BELA VISTA | B239: U-1203 | C239: RESIDENCIAL | D239: AGOSTO EXTRA | E239: 21.85 | F239: 27781.69 | G239: 607029.92 | H239: 25003.52 | I239: 546326.93 | J239: 0.1 | K239: Não | L239: Não | P239: Sem Bairro/Estágio | T239: =A239&"|"&C239 -> VITACON BELA VISTA|RESIDENCIAL | U239: =T239&"|"&TEXT(I239,"0.00") -> VITACON BELA VISTA|RESIDENCIAL|546326.93
A240: VITACON BELA VISTA | B240: U-1213 | C240: RESIDENCIAL | D240: AGOSTO EXTRA | E240: 21.85 | F240: 27809.26 | G240: 607632.25 | H240: 25028.33 | I240: 546869.03 | J240: 0.1 | K240: Não | L240: Não | P240: Sem Bairro/Estágio | T240: =A240&"|"&C240 -> VITACON BELA VISTA|RESIDENCIAL | U240: =T240&"|"&TEXT(I240,"0.00") -> VITACON BELA VISTA|RESIDENCIAL|546869.03
A241: VITACON BELA VISTA | B241: U-1507 | C241: RESIDENCIAL | D241: AGOSTO EXTRA | E241: 24.35 | F241: 23369.4 | G241: 569044.99 | H241: 21032.46 | I241: 512140.49 | J241: 0.1 | K241: Não | L241: Não | P241: Sem Bairro/Estágio | T241: =A241&"|"&C241 -> VITACON BELA VISTA|RESIDENCIAL | U241: =T241&"|"&TEXT(I241,"0.00") -> VITACON BELA VISTA|RESIDENCIAL|512140.49
A242: VITACON BELA VISTA | B242: U-1613 | C242: RESIDENCIAL | D242: AGOSTO EXTRA | E242: 21.85 | F242: 24301.67 | G242: 530991.59 | H242: 21871.51 | I242: 477892.43 | J242: 0.1 | K242: Não | L242: Não | P242: Sem Bairro/Estágio | T242: =A242&"|"&C242 -> VITACON BELA VISTA|RESIDENCIAL | U242: =T242&"|"&TEXT(I242,"0.00") -> VITACON BELA VISTA|RESIDENCIAL|477892.43
A243: VITACON BELA VISTA | B243: U-1701 | C243: RESIDENCIAL | D243: AGOSTO EXTRA | E243: 65.56 | F243: 17729.31 | G243: 1162333.5 | H243: 15956.38 | I243: 1046100.2 | J243: 0.1 | K243: Não | L243: Não | P243: Sem Bairro/Estágio | T243: =A243&"|"&C243 -> VITACON BELA VISTA|RESIDENCIAL | U243: =T243&"|"&TEXT(I243,"0.00") -> VITACON BELA VISTA|RESIDENCIAL|1046100.17
A244: VITACON BELA VISTA | B244: U-1704 | C244: RESIDENCIAL | D244: AGOSTO EXTRA | E244: 68.8 | F244: 17390.95 | G244: 1196497.5 | H244: 15651.86 | I244: 1076847.7 | J244: 0.1 | K244: Não | L244: Não | P244: Sem Bairro/Estágio | T244: =A244&"|"&C244 -> VITACON BELA VISTA|RESIDENCIAL | U244: =T244&"|"&TEXT(I244,"0.00") -> VITACON BELA VISTA|RESIDENCIAL|1076847.72
A245: VITACON BELA VISTA | B245: U-1801 | C245: RESIDENCIAL | D245: AGOSTO EXTRA | E245: 65.56 | F245: 17850.9 | G245: 1170305.1 | H245: 16065.81 | I245: 1053274.6 | J245: 0.1 | K245: Não | L245: Não | P245: Sem Bairro/Estágio | T245: =A245&"|"&C245 -> VITACON BELA VISTA|RESIDENCIAL | U245: =T245&"|"&TEXT(I245,"0.00") -> VITACON BELA VISTA|RESIDENCIAL|1053274.59
A246: VITACON BELA VISTA | B246: U-1804 | C246: RESIDENCIAL | D246: AGOSTO EXTRA | E246: 68.8 | F246: 17506.82 | G246: 1204469.1 | H246: 15756.14 | I246: 1084022.1 | J246: 0.1 | K246: Não | L246: Não | P246: Sem Bairro/Estágio | T246: =A246&"|"&C246 -> VITACON BELA VISTA|RESIDENCIAL | U246: =T246&"|"&TEXT(I246,"0.00") -> VITACON BELA VISTA|RESIDENCIAL|1084022.15
A247: HOUSI PAULISTA | B247: U-0603 | C247: RESIDENCIAL | D247: AGOSTO | E247: 20.36 | F247: 39657.62 | G247: 807429.21 | H247: 24508.84 | I247: 499000 | J247: 0.38 | K247: Sim | L247: Sim | P247: Sem Bairro/Estágio | T247: =A247&"|"&C247 -> HOUSI PAULISTA|RESIDENCIAL | U247: =T247&"|"&TEXT(I247,"0.00") -> HOUSI PAULISTA|RESIDENCIAL|499000.00
... A249: HOUSI PAULISTA | B249: U-0816 | C249: RESIDENCIAL | D249: AGOSTO | E249: 20.28 | F249: 40173.39 | G249: 814716.3 | H249: 24605.52 | I249: 499000 | J249: 0.39 | K249: Sim | L249: Sim | P249: Sem Bairro/Estágio | T249: =A249&"|"&C249 -> HOUSI PAULISTA|RESIDENCIAL | U249: =T249&"|"&TEXT(I249,"0.00") -> HOUSI PAULISTA|RESIDENCIAL|499000.00
A250: VITACON DOMINGOS DE MORAIS | B250: U0316 | C250: HIS | D250: SETEMBRO ENQUADRADO | E250: 24.86 | F250: 15431.89 | G250: 383636.74 | H250: 13888.7 | I250: 345273.07 | J250: 0.1 | K250: N/D | L250: N/D | P250: Campanha HIS/HMP Setembro | Q250: NÍVEL 1 | R250: +15% | S250: 30/70 - 5% DE ATO | T250: =A250&"|"&C250 -> VITACON DOMINGOS DE MORAIS|HIS | U250: =T250&"|"&TEXT(I250,"0.00") -> VITACON DOMINGOS DE MORAIS|HIS|345273.07
A251: VITACON DOMINGOS DE MORAIS | B251: U0317 | C251: HIS | D251: SETEMBRO ENQUADRADO | E251: 32.47 | F251: 11815.11 | G251: 383636.74 | H251: 11815.11 | I251: 383636.74 | J251: 0 | K251: N/D | L251: N/D | P251: Campanha HIS/HMP Setembro | Q251: NÍVEL 1 | R251: +15% | S251: 30/70 - 5% DE ATO | T251: =A251&"|"&C251 -> VITACON DOMINGOS DE MORAIS|HIS | U251: =T251&"|"&TEXT(I251,"0.00") -> VITACON DOMINGOS DE MORAIS|HIS|383636.74
A252: VITACON DOMINGOS DE MORAIS | B252: U0408 | C252: HIS | D252: SETEMBRO ENQUADRADO | E252: 24.19 | F252: 15859.31 | G252: 383636.74 | H252: 14273.38 | I252: 345273.07 | J252: 0.1 | K252: N/D | L252: N/D | P252: Campanha HIS/HMP Setembro | Q252: NÍVEL 1 | R252: +15% | S252: 30/70 - 5% DE ATO | T252: =A252&"|"&C252 -> VITACON DOMINGOS DE MORAIS|HIS | U252: =T252&"|"&TEXT(I252,"0.00") -> VITACON DOMINGOS DE MORAIS|HIS|345273.07
A253: VITACON DOMINGOS DE MORAIS | B253: U0409 | C253: HIS | D253: SETEMBRO ENQUADRADO | E253: 24.29 | F253: 15794.02 | G253: 383636.74 | H253: 14214.62 | I253: 345273.07 | J253: 0.1 | K253: N/D | L253: N/D | P253: Campanha HIS/HMP Setembro | Q253: NÍVEL 1 | R253: +15% | S253: 30/70 - 5% DE ATO | T253: =A253&"|"&C253 -> VITACON DOMINGOS DE MORAIS|HIS | U253: =T253&"|"&TEXT(I253,"0.00") -> VITACON DOMINGOS DE MORAIS|HIS|345273.07
A254: VITACON DOMINGOS DE MORAIS | B254: U0522 | C254: HIS | D254: SETEMBRO ENQUADRADO | E254: 27.37 | F254: 14016.69 | G254: 383636.74 | H254: 13456.02 | I254: 368291.27 | J254: 0.04 | K254: N/D | L254: N/D | P254: Campanha HIS/HMP Setembro | Q254: NÍVEL 1 | R254: +15% | S254: 30/70 - 5% DE ATO | T254: =A254&"|"&C254 -> VITACON DOMINGOS DE MORAIS|HIS | U254: =T254&"|"&TEXT(I254,"0.00") -> VITACON DOMINGOS DE MORAIS|HIS|368291.27
A255: VITACON DOMINGOS DE MORAIS | B255: U0523 | C255: HIS | D255: SETEMBRO ENQUADRADO | E255: 24.72 | F255: 15519.29 | G255: 383636.74 | H255: 13967.36 | I255: 345273.07 | J255: 0.1 | K255: N/D | L255: N/D | P255: Campanha HIS/HMP Setembro | Q255: NÍVEL 1 | R255: +15% | S255: 30/70 - 5% DE ATO | T255: =A255&"|"&C255 -> VITACON DOMINGOS DE MORAIS|HIS | U255: =T255&"|"&TEXT(I255,"0.00") -> VITACON DOMINGOS DE MORAIS|HIS|345273.07
A256: VITACON DOMINGOS DE MORAIS | B256: U0709 | C256: HIS | D256: SETEMBRO ENQUADRADO | E256: 24.29 | F256: 15794.02 | G256: 383636.74 | H256: 14214.62 | I256: 345273.07 | J256: 0.1 | K256: N/D | L256: N/D | P256: Campanha HIS/HMP Setembro | Q256: NÍVEL 1 | R256: +15% | S256: 30/70 - 5% DE ATO | T256: =A256&"|"&C256 -> VITACON DOMINGOS DE MORAIS|HIS | U256: =T256&"|"&TEXT(I256,"0.00") -> VITACON DOMINGOS DE MORAIS|HIS|345273.07
A257: VITACON DOMINGOS DE MORAIS | B257: U0710 | C257: HIS | D257: SETEMBRO ENQUADRADO | E257: 24.19 | F257: 15859.31 | G257: 383636.74 | H257: 14273.38 | I257: 345273.07 | J257: 0.1 | K257: N/D | L257: N/D | P257: Campanha HIS/HMP Setembro | Q257: NÍVEL 1 | R257: +15% | S257: 30/70 - 5% DE ATO | T257: =A257&"|"&C257 -> VITACON DOMINGOS DE MORAIS|HIS | U257: =T257&"|"&TEXT(I257,"0.00") -> VITACON DOMINGOS DE MORAIS|HIS|345273.07
...

Sheet Resumo por Empreendimento
A1: RESUMO DO ESTOQUE POR EMPREENDIMENTO
A2: Setembro/2026 (HIS/HMP atualizado pela Campanha R02) — valores agregados a partir da aba "Estoque"
A4: Empreendimento | B4: Qtde Unidades | C4: Área Privativa Total (m²) | D4: Valor Total Tabela (R$) | E4: Valor Total c/ Desconto (R$) | F4: Desconto Médio % | G4: Preço/m² Médio (Tabela)
A5: ALAMEDA JAÚ | B5: =COUNTIF(Estoque!A:A,A5) -> 2 | C5: =SUMIF(Estoque!A:A,A5,Estoque!E:E) -> 50.68 | D5: =SUMIF(Estoque!A:A,A5,Estoque!G:G) -> 1075345.4 | E5: =SUMIF(Estoque!A:A,A5,Estoque!I:I) -> 1048461.8 | F5: =AVERAGEIF(Estoque!A:A,A5,Estoque!J:J) -> 0.025 | G5: =D5/C5 -> 21218.339
A6: H BELA CINTRA | B6: =COUNTIF(Estoque!A:A,A6) -> 19 | C6: =SUMIF(Estoque!A:A,A6,Estoque!E:E) -> 748.2 | D6: =SUMIF(Estoque!A:A,A6,Estoque!G:G) -> 27051138 | E6: =SUMIF(Estoque!A:A,A6,Estoque!I:I) -> 20288353 | F6: =AVERAGEIF(Estoque!A:A,A6,Estoque!J:J) -> 0.25 | G6: =D6/C6 -> 36154.955
A7: HOUSI PAULISTA | B7: =COUNTIF(Estoque!A:A,A7) -> 3 | C7: =SUMIF(Estoque!A:A,A7,Estoque!E:E) -> 60.92 | D7: =SUMIF(Estoque!A:A,A7,Estoque!G:G) -> 2436861.8 | E7: =SUMIF(Estoque!A:A,A7,Estoque!I:I) -> 1497000 | F7: =AVERAGEIF(Estoque!A:A,A7,Estoque!J:J) -> 0.38666667 | G7: =D7/C7 -> 40001.015
A8: ON JARDINS | B8: =COUNTIF(Estoque!A:A,A8) -> 16 | C8: =SUMIF(Estoque!A:A,A8,Estoque!E:E) -> 719.91 | D8: =SUMIF(Estoque!A:A,A8,Estoque!G:G) -> 21228981 | E8: =SUMIF(Estoque!A:A,A8,Estoque!I:I) -> 15279785 | F8: =AVERAGEIF(Estoque!A:A,A8,Estoque!J:J) -> 0.2725 | G8: =D8/C8 -> 29488.382
A9: ON MARACATINS | B9: =COUNTIF(Estoque!A:A,A9) -> 7 | C9: =SUMIF(Estoque!A:A,A9,Estoque!E:E) -> 184.98 | D9: =SUMIF(Estoque!A:A,A9,Estoque!G:G) -> 2685457.2 | E9: =SUMIF(Estoque!A:A,A9,Estoque!I:I) -> 2627911.7 | F9: =AVERAGEIF(Estoque!A:A,A9,Estoque!J:J) -> 0.021428571 | G9: =D9/C9 -> 14517.554
A10: VITACON ALTO DE PINHEIROS | B10: =COUNTIF(Estoque!A:A,A10) -> 2 | C10: =SUMIF(Estoque!A:A,A10,Estoque!E:E) -> 48.58 | D10: =SUMIF(Estoque!A:A,A10,Estoque!G:G) -> 819211.91 | E10: =SUMIF(Estoque!A:A,A10,Estoque!I:I) -> 770059.19 | F10: =AVERAGEIF(Estoque!A:A,A10,Estoque!J:J) -> 0.06 | G10: =D10/C10 -> 16863.152
A11: VITACON BELA VISTA | B11: =COUNTIF(Estoque!A:A,A11) -> 11 | C11: =SUMIF(Estoque!A:A,A11,Estoque!E:E) -> 426.82 | D11: =SUMIF(Estoque!A:A,A11,Estoque!G:G) -> 8811353.5 | E11: =SUMIF(Estoque!A:A,A11,Estoque!I:I) -> 7930218.1 | F11: =AVERAGEIF(Estoque!A:A,A11,Estoque!J:J) -> 0.1 | G11: =D11/C11 -> 20644.191
A12: VITACON BOA VISTA | B12: =COUNTIF(Estoque!A:A,A12) -> 26 | C12: =SUMIF(Estoque!A:A,A12,Estoque!E:E) -> 824.21 | D12: =SUMIF(Estoque!A:A,A12,Estoque!G:G) -> 14369205 | E12: =SUMIF(Estoque!A:A,A12,Estoque!I:I) -> 11351672 | F12: =AVERAGEIF(Estoque!A:A,A12,Estoque!J:J) -> 0.21 | G12: =D12/C12 -> 17433.912
A13: VITACON BRIGADEIRO | B13: =COUNTIF(Estoque!A:A,A13) -> 25 | C13: =SUMIF(Estoque!A:A,A13,Estoque!E:E) -> 956.64 | D13: =SUMIF(Estoque!A:A,A13,Estoque!G:G) -> 17278668 | E13: =SUMIF(Estoque!A:A,A13,Estoque!I:I) -> 15722856 | F13: =AVERAGEIF(Estoque!A:A,A13,Estoque!J:J) -> 0.0872 | G13: =D13/C13 -> 18061.829
A14: VITACON DOMINGOS DE MORAIS | B14: =COUNTIF(Estoque!A:A,A14) -> 72 | C14: =SUMIF(Estoque!A:A,A14,Estoque!E:E) -> 1971.2 | D14: =SUMIF(Estoque!A:A,A14,Estoque!G:G) -> 33426462 | E14: =SUMIF(Estoque!A:A,A14,Estoque!I:I) -> 30856897 | F14: =AVERAGEIF(Estoque!A:A,A14,Estoque!J:J) -> 0.074166667 | G14: =D14/C14 -> 16957.418
A15: VITACON LORENA | B15: =COUNTIF(Estoque!A:A,A15) -> 24 | C15: =SUMIF(Estoque!A:A,A15,Estoque!E:E) -> 1058.64 | D15: =SUMIF(Estoque!A:A,A15,Estoque!G:G) -> 34892075 | E15: =SUMIF(Estoque!A:A,A15,Estoque!I:I) -> 23972570 | F15: =AVERAGEIF(Estoque!A:A,A15,Estoque!J:J) -> 0.30666667 | G15: =D15/C15 -> 32959.34
A16: VITACON MAESTRO CARDIM | B16: =COUNTIF(Estoque!A:A,A16) -> 37 | C16: =SUMIF(Estoque!A:A,A16,Estoque!E:E) -> 1307.03 | D16: =SUMIF(Estoque!A:A,A16,Estoque!G:G) -> 32092528 | E16: =SUMIF(Estoque!A:A,A16,Estoque!I:I) -> 25840701 | F16: =AVERAGEIF(Estoque!A:A,A16,Estoque!J:J) -> 0.19162162 | G16: =D16/C16 -> 24553.781
... A21: VITACON VILA OLIMPIA | B21: =COUNTIF(Estoque!A:A,A21) -> 25 | C21: =SUMIF(Estoque!A:A,A21,Estoque!E:E) -> 1156.84 | D21: =SUMIF(Estoque!A:A,A21,Estoque!G:G) -> 17410093 | E21: =SUMIF(Estoque!A:A,A21,Estoque!I:I) -> 14656984 | F21: =AVERAGEIF(Estoque!A:A,A21,Estoque!J:J) -> 0.124 | G21: =D21/C21 -> 15049.699
A22: TOTAL GERAL | B22: =SUM(B5:B21) -> 335 | C22: =SUM(C5:C21) -> 11597.75 | D22: =SUM(D5:D21) -> 2.5230744e+08 | E22: =SUM(E5:E21) -> 2.0583269e+08 | F22: =AVERAGE(Estoque!J2:J336) -> 0.14531343 | G22: =D22/C22 -> 21754.861

Sheet Resumo por Tipo
A1: RESUMO DO ESTOQUE POR TIPO DE UNIDADE
A2: Setembro/2026 — valores agregados a partir da aba "Estoque"
A4: Tipo | B4: Qtde Unidades | C4: Área Privativa Total (m²) | D4: Valor Total Tabela (R$) | E4: Valor Total c/ Desconto (R$) | F4: Desconto Médio % | G4: Preço/m² Médio (Tabela)
A5: HIS | B5: =COUNTIF(Estoque!C:C,A5) -> 51 | C5: =SUMIF(Estoque!C:C,A5,Estoque!E:E) -> 1446.65 | D5: =SUMIF(Estoque!C:C,A5,Estoque!G:G) -> 19614273 | E5: =SUMIF(Estoque!C:C,A5,Estoque!I:I) -> 18515372 | F5: =AVERAGEIF(Estoque!C:C,A5,Estoque!J:J) -> 0.055882353 | G5: =D5/C5 -> 13558.409
A6: HMP | B6: =COUNTIF(Estoque!C:C,A6) -> 36 | C6: =SUMIF(Estoque!C:C,A6,Estoque!E:E) -> 979.71 | D6: =SUMIF(Estoque!C:C,A6,Estoque!G:G) -> 16909352 | E6: =SUMIF(Estoque!C:C,A6,Estoque!I:I) -> 16526842 | F6: =AVERAGEIF(Estoque!C:C,A6,Estoque!J:J) -> 0.020555556 | G6: =D6/C6 -> 17259.548
A7: NR | B7: =COUNTIF(Estoque!C:C,A7) -> 67 | C7: =SUMIF(Estoque!C:C,A7,Estoque!E:E) -> 2501.79 | D7: =SUMIF(Estoque!C:C,A7,Estoque!G:G) -> 62181045 | E7: =SUMIF(Estoque!C:C,A7,Estoque!I:I) -> 47491746 | F7: =AVERAGEIF(Estoque!C:C,A7,Estoque!J:J) -> 0.22268657 | G7: =D7/C7 -> 24854.622
A8: NÃO RESIDENCIAL | B8: =COUNTIF(Estoque!C:C,A8) -> 3 | C8: =SUMIF(Estoque!C:C,A8,Estoque!E:E) -> 84.76 | D8: =SUMIF(Estoque!C:C,A8,Estoque!G:G) -> 3070771.1 | E8: =SUMIF(Estoque!C:C,A8,Estoque!I:I) -> 2303078.3 | F8: =AVERAGEIF(Estoque!C:C,A8,Estoque!J:J) -> 0.25 | G8: =D8/C8 -> 36229.012
A9: R2V | B9: =COUNTIF(Estoque!C:C,A9) -> 78 | C9: =SUMIF(Estoque!C:C,A9,Estoque!E:E) -> 2448.4 | D9: =SUMIF(Estoque!C:C,A9,Estoque!G:G) -> 47967431 | E9: =SUMIF(Estoque!C:C,A9,Estoque!I:I) -> 41802633 | F9: =AVERAGEIF(Estoque!C:C,A9,Estoque!J:J) -> 0.11153846 | G9: =D9/C9 -> 19591.338
A10: RESIDENCIAL | B10: =COUNTIF(Estoque!C:C,A10) -> 87 | C10: =SUMIF(Estoque!C:C,A10,Estoque!E:E) -> 3377.82 | D10: =SUMIF(Estoque!C:C,A10,Estoque!G:G) -> 83689918 | E10: =SUMIF(Estoque!C:C,A10,Estoque!I:I) -> 64698862 | F10: =AVERAGEIF(Estoque!C:C,A10,Estoque!J:J) -> 0.20482759 | G10: =D10/C10 -> 24776.311
A11: RESIDENCIAL DUPLEX | B11: =COUNTIF(Estoque!C:C,A11) -> 6 | C11: =SUMIF(Estoque!C:C,A11,Estoque!E:E) -> 369.14 | D11: =SUMIF(Estoque!C:C,A11,Estoque!G:G) -> 12111189 | E11: =SUMIF(Estoque!C:C,A11,Estoque!I:I) -> 9083391.9 | F11: =AVERAGEIF(Estoque!C:C,A11,Estoque!J:J) -> 0.25 | G11: =D11/C11 -> 32809.203
A12: SERV. MORADIA | B12: =COUNTIF(Estoque!C:C,A12) -> 7 | C12: =SUMIF(Estoque!C:C,A12,Estoque!E:E) -> 389.48 | D12: =SUMIF(Estoque!C:C,A12,Estoque!G:G) -> 6763458.4 | E12: =SUMIF(Estoque!C:C,A12,Estoque!I:I) -> 5410766.7 | F12: =AVERAGEIF(Estoque!C:C,A12,Estoque!J:J) -> 0.2 | G12: =D12/C12 -> 17365.355
A13: TOTAL GERAL | B13: =SUM(B5:B12) -> 335 | C13: =SUM(C5:C12) -> 11597.75 | D13: =SUM(D5:D12) -> 2.5230744e+08 | E13: =SUM(E5:E12) -> 2.0583269e+08 | F13: =AVERAGE(Estoque!J2:J336) -> 0.14531343 | G13: =D13/C13 -> 21754.861

Sheet A Partir De
A1: PREÇO "A PARTIR DE" — MENOR VALOR POR EMPREENDIMENTO E TIPO
A2: Base: Valor c/ Desconto (Total), aba "Estoque" — Setembro/2026. Atualiza automaticamente se o Estoque mudar.
A4: Empreendimento | B4: Tipo | C4: Qtde Unidades | D4: A Partir de (R$) | E4: Unidade | F4: Privativa (m²) | G4: Preço/m² (do menor) | H4: Bairro | I4: Estágio | J4: Linha Ref. (aux)
A5: ALAMEDA JAÚ | B5: HMP | C5: =COUNTIFS(Estoque!A:A,A5,Estoque!C:C,B5) -> 2 | D5: =_xlfn.MINIFS(Estoque!I:I,Estoque!T:T,A5&"|"&B5) -> 510789.07 | E5: =IFERROR(INDEX(Estoque!B:B,J5),"") -> U-0704 | F5: =IFERROR(INDEX(Estoque!E:E,J5),"") -> 25 | G5: =IFERROR(D5/F5,"") -> 20431.563 | H5: =IFERROR(INDEX(Estoque!M:M,J5),"") -> 0 | I5: =IFERROR(INDEX(Estoque!N:N,J5),"") -> 0 | J5: =IFERROR(MATCH(A5&"|"&B5&"|"&TEXT(D5,"0.00"),Estoque!U:U,0),"") -> 330
A6: H BELA CINTRA | B6: NÃO RESIDENCIAL | C6: =COUNTIFS(Estoque!A:A,A6,Estoque!C:C,B6) -> 3 | D6: =_xlfn.MINIFS(Estoque!I:I,Estoque!T:T,A6&"|"&B6) -> 764725.79 | E6: =IFERROR(INDEX(Estoque!B:B,J6),"") -> U0404 | F6: =IFERROR(INDEX(Estoque!E:E,J6),"") -> 28.1 | G6: =IFERROR(D6/F6,"") -> 27214.441 | H6: =IFERROR(INDEX(Estoque!M:M,J6),"") -> Jardins | I6: =IFERROR(INDEX(Estoque!N:N,J6),"") -> jul/28 | J6: =IFERROR(MATCH(A6&"|"&B6&"|"&TEXT(D6,"0.00"),Estoque!U:U,0),"") -> 217
A7: H BELA CINTRA | B7: RESIDENCIAL | C7: =COUNTIFS(Estoque!A:A,A7,Estoque!C:C,B7) -> 10 | D7: =_xlfn.MINIFS(Estoque!I:I,Estoque!T:T,A7&"|"&B7) -> 764781.69 | E7: =IFERROR(INDEX(Estoque!B:B,J7),"") -> U1204 | F7: =IFERROR(INDEX(Estoque!E:E,J7),"") -> 25 | G7: =IFERROR(D7/F7,"") -> 30591.268 | H7: =IFERROR(INDEX(Estoque!M:M,J7),"") -> Jardins | I7: =IFERROR(INDEX(Estoque!N:N,J7),"") -> jul/28 | J7: =IFERROR(MATCH(A7&"|"&B7&"|"&TEXT(D7,"0.00"),Estoque!U:U,0),"") -> 230
A8: H BELA CINTRA | B8: RESIDENCIAL DUPLEX | C8: =COUNTIFS(Estoque!A:A,A8,Estoque!C:C,B8) -> 6 | D8: =_xlfn.MINIFS(Estoque!I:I,Estoque!T:T,A8&"|"&B8) -> 1285076.4 | E8: =IFERROR(INDEX(Estoque!B:B,J8),"") -> U0701 | F8: =IFERROR(INDEX(Estoque!E:E,J8),"") -> 52.58 | G8: =IFERROR(D8/F8,"") -> 24440.403 | H8: =IFERROR(INDEX(Estoque!M:M,J8),"") -> Jardins | I8: =IFERROR(INDEX(Estoque!N:N,J8),"") -> jul/28 | J8: =IFERROR(MATCH(A8&"|"&B8&"|"&TEXT(D8,"0.00"),Estoque!U:U,0),"") -> 220
A9: HOUSI PAULISTA | B9: RESIDENCIAL | C9: =COUNTIFS(Estoque!A:A,A9,Estoque!C:C,B9) -> 3 | D9: =_xlfn.MINIFS(Estoque!I:I,Estoque!T:T,A9&"|"&B9) -> 499000 | E9: =IFERROR(INDEX(Estoque!B:B,J9),"") -> U-0603 | F9: =IFERROR(INDEX(Estoque!E:E,J9),"") -> 20.36 | G9: =IFERROR(D9/F9,"") -> 24508.841 | H9: =IFERROR(INDEX(Estoque!M:M,J9),"") -> 0 | I9: =IFERROR(INDEX(Estoque!N:N,J9),"") -> 0 | J9: =IFERROR(MATCH(A9&"|"&B9&"|"&TEXT(D9,"0.00"),Estoque!U:U,0),"") -> 247
A10: ON JARDINS | B10: NR | C10: =COUNTIFS(Estoque!A:A,A10,Estoque!C:C,B10) -> 11 | D10: =_xlfn.MINIFS(Estoque!I:I,Estoque!T:T,A10&"|"&B10) -> 538773.21 | E10: =IFERROR(INDEX(Estoque!B:B,J10),"") -> U-0109 | F10: =IFERROR(INDEX(Estoque!E:E,J10),"") -> 19.97 | G10: =IFERROR(D10/F10,"") -> 26979.129 | H10: =IFERROR(INDEX(Estoque!M:M,J10),"") -> 0 | I10: =IFERROR(INDEX(Estoque!N:N,J10),"") -> 0 | J10: =IFERROR(MATCH(A10&"|"&B10&"|"&TEXT(D10,"0.00"),Estoque!U:U,0),"") -> 7
A11: ON JARDINS | B11: RESIDENCIAL | C11: =COUNTIFS(Estoque!A:A,A11,Estoque!C:C,B11) -> 5 | D11: =_xlfn.MINIFS(Estoque!I:I,Estoque!T:T,A11&"|"&B11) -> 859572.04 | E11: =IFERROR(INDEX(Estoque!B:B,J11),"") -> U-0303 | F11: =IFERROR(INDEX(Estoque!E:E,J11),"") -> 34.24 | G11: =IFERROR(D11/F11,"") -> 25104.324 | H11: =IFERROR(INDEX(Estoque!M:M,J11),"") -> Jardins | I11: =IFERROR(INDEX(Estoque!N:N,J11),"") -> PRONTO | J11: =IFERROR(MATCH(A11&"|"&B11&"|"&TEXT(D11,"0.00"),Estoque!U:U,0),"") -> 13
A12: ON MARACATINS | B12: HIS | C12: =COUNTIFS(Estoque!A:A,A12,Estoque!C:C,B12) -> 7 | D12: =_xlfn.MINIFS(Estoque!I:I,Estoque!T:T,A12&"|"&B12) -> 364454.9 | E12: =IFERROR(INDEX(Estoque!B:B,J12),"") -> B-0309 | F12: =IFERROR(INDEX(Estoque!E:E,J12),"") -> 28.7 | G12: =IFERROR(D12/F12,"") -> 12698.777 | H12: =IFERROR(INDEX(Estoque!M:M,J12),"") -> 0 | I12: =IFERROR(INDEX(Estoque!N:N,J12),"") -> 0 | J12: =IFERROR(MATCH(A12&"|"&B12&"|"&TEXT(D12,"0.00"),Estoque!U:U,0),"") -> 324
A13: VITACON ALTO DE PINHEIROS | B13: HMP | C13: =COUNTIFS(Estoque!A:A,A13,Estoque!C:C,B13) -> 2 | D13: =_xlfn.MINIFS(Estoque!I:I,Estoque!T:T,A13&"|"&B13) -> 382720.17 | E13: =IFERROR(INDEX(Estoque!B:B,J13),"") -> U-209 | F13: =IFERROR(INDEX(Estoque!E:E,J13),"") -> 24.29 | G13: =IFERROR(D13/F13,"") -> 15756.285 | H13: =IFERROR(INDEX(Estoque!M:M,J13),"") -> 0 | I13: =IFERROR(INDEX(Estoque!N:N,J13),"") -> 0 | J13: =IFERROR(MATCH(A13&"|"&B13&"|"&TEXT(D13,"0.00"),Estoque!U:U,0),"") -> 332
A14: VITACON BELA VISTA | B14: NR | C14: =COUNTIFS(Estoque!A:A,A14,Estoque!C:C,B14) -> 1 | D14: =_xlfn.MINIFS(Estoque!I:I,Estoque!T:T,A14&"|"&B14) -> 481402.18 | E14: =IFERROR(INDEX(Estoque!B:B,J14),"") -> U-0203 | F14: =IFERROR(INDEX(Estoque!E:E,J14),"") -> 21.85 | G14: =IFERROR(D14/F14,"") -> 22032.136 | H14: =IFERROR(INDEX(Estoque!M:M,J14),"") -> 0 | I14: =IFERROR(INDEX(Estoque!N:N,J14),"") -> 0 | J14: =IFERROR(MATCH(A14&"|"&B14&"|"&TEXT(D14,"0.00"),Estoque!U:U,0),"") -> 236
A15: VITACON BELA VISTA | B15: RESIDENCIAL | C15: =COUNTIFS(Estoque!A:A,A15,Estoque!C:C,B15) -> 10 | D15: =_xlfn.MINIFS(Estoque!I:I,Estoque!T:T,A15&"|"&B15) -> 477892.43 | E15: =IFERROR(INDEX(Estoque!B:B,J15),"") -> U-1613 | F15: =IFERROR(INDEX(Estoque!E:E,J15),"") -> 21.85 | G15: =IFERROR(D15/F15,"") -> 21871.507 | H15: =IFERROR(INDEX(Estoque!M:M,J15),"") -> 0 | I15: =IFERROR(INDEX(Estoque!N:N,J15),"") -> 0 | J15: =IFERROR(MATCH(A15&"|"&B15&"|"&TEXT(D15,"0.00"),Estoque!U:U,0),"") -> 242
A16: VITACON BOA VISTA | B16: NR | C16: =COUNTIFS(Estoque!A:A,A16,Estoque!C:C,B16) -> 2 | D16: =_xlfn.MINIFS(Estoque!I:I,Estoque!T:T,A16&"|"&B16) -> 461179.81 | E16: =IFERROR(INDEX(Estoque!B:B,J16),"") -> U-0305 | F16: =IFERROR(INDEX(Estoque!E:E,J16),"") -> 41.69 | G16: =IFERROR(D16/F16,"") -> 11062.121 | H16: =IFERROR(INDEX(Estoque!M:M,J16),"") -> ALTO DA BOA VISTA | I16: =IFERROR(INDEX(Estoque!N:N,J16),"") -> nov/26 | J16: =IFERROR(MATCH(A16&"|"&B16&"|"&TEXT(D16,"0.00"),Estoque!U:U,0),"") -> 18
... A40: VITACON VILA OLIMPIA | B40: SERV. MORADIA | C40: =COUNTIFS(Estoque!A:A,A40,Estoque!C:C,B40) -> 7 | D40: =_xlfn.MINIFS(Estoque!I:I,Estoque!T:T,A40&"|"&B40) -> 770215.89 | E40: =IFERROR(INDEX(Estoque!B:B,J40),"") -> B-0301 | F40: =IFERROR(INDEX(Estoque!E:E,J40),"") -> 55.64 | G40: =IFERROR(D40/F40,"") -> 13842.845 | H40: =IFERROR(INDEX(Estoque!M:M,J40),"") -> Vila Olímpia | I40: =IFERROR(INDEX(Estoque!N:N,J40),"") -> nov/27 | J40: =IFERROR(MATCH(A40&"|"&B40&"|"&TEXT(D40,"0.00"),Estoque!U:U,0),"") -> 126

Sheet Campanha HIS-HMP Set
A1: CAMPANHA HIS/HMP — SETEMBRO (R02)
A2: Unidades enquadradas na campanha de setembro, com nível de prioridade, comissão e fluxo de pagamento.
A4: Empreendimento | B4: Unidade | C4: Tipo | D4: Privativa (m²) | E4: Valor Tabela (R$) | F4: Valor c/ Desconto (R$) | G4: Desconto % | H4: Nível de Prioridade | I4: Comissão | J4: Fluxo
A5: VITACON BRIGADEIRO | B5: B-2703 | C5: HMP | D5: 41.54 | E5: 537672.71 | F5: 505412.35 | G5: 0.06 | H5: NÍVEL 1 | I5: +15% | J5: 30/70 - 5% DE ATO
A6: VITACON BRIGADEIRO | B6: C-0408 | C6: HMP | D6: 31.62 | E6: 537672.71 | F6: 505412.35 | G6: 0.06 | H6: NÍVEL 1 | I6: +15% | J6: 30/70 - 5% DE ATO
A7: VITACON BRIGADEIRO | B7: C-0510 | C7: HMP | D7: 30.29 | E7: 537672.71 | F7: 505412.35 | G7: 0.06 | H7: NÍVEL 1 | I7: +15% | J7: 30/70 - 5% DE ATO
A8: VITACON BRIGADEIRO | B8: C-0714 | C8: HMP | D8: 30.31 | E8: 537672.71 | F8: 483905.44 | G8: 0.1 | H8: NÍVEL 1 | I8: +15% | J8: 30/70 - 5% DE ATO
A9: VITACON BRIGADEIRO | B9: C-1105 | C9: HMP | D9: 27.47 | E9: 537672.71 | F9: 483905.44 | G9: 0.1 | H9: NÍVEL 1 | I9: +15% | J9: 30/70 - 5% DE ATO
A10: VITACON BRIGADEIRO | B10: C-1803 | C10: HMP | D10: 27.44 | E10: 537672.71 | F10: 483905.44 | G10: 0.1 | H10: NÍVEL 1 | I10: +15% | J10: 30/70 - 5% DE ATO
A11: VITACON BRIGADEIRO | B11: C-2203 | C11: HMP | D11: 27.44 | E11: 537672.71 | F11: 537672.71 | G11: 0 | H11: NÍVEL 1 | I11: +15% | J11: 30/70 - 5% DE ATO
A12: VITACON BRIGADEIRO | B12: C-2512 | C12: HMP | D12: 42.39 | E12: 537672.71 | F12: 537672.71 | G12: 0 | H12: NÍVEL 1 | I12: +15% | J12: 30/70 - 5% DE ATO
A13: VITACON DOMINGOS DE MORAIS | B13: U0316 | C13: HIS | D13: 24.86 | E13: 383636.74 | F13: 345273.07 | G13: 0.1 | H13: NÍVEL 1 | I13: +15% | J13: 30/70 - 5% DE ATO
A14: VITACON DOMINGOS DE MORAIS | B14: U0317 | C14: HIS | D14: 32.47 | E14: 383636.74 | F14: 383636.74 | G14: 0 | H14: NÍVEL 1 | I14: +15% | J14: 30/70 - 5% DE ATO
A15: VITACON DOMINGOS DE MORAIS | B15: U0408 | C15: HIS | D15: 24.19 | E15: 383636.74 | F15: 345273.07 | G15: 0.1 | H15: NÍVEL 1 | I15: +15% | J15: 30/70 - 5% DE ATO
A16: VITACON DOMINGOS DE MORAIS | B16: U0409 | C16: HIS | D16: 24.29 | E16: 383636.74 | F16: 345273.07 | G16: 0.1 | H16: NÍVEL 1 | I16: +15% | J16: 30/70 - 5% DE ATO
... A91: VITACON MOURATO COELHO | B91: U-0515 | C91: HMP | D91: 26.8 | E91: 537672.71 | F91: 537672.71 | G91: 0 | H91: NÍVEL 3 | I91: +5% | J91: 30/70 - 10% DE ATO
